 Dungeon Crawl Stone Soup version 0.28.0 (webtiles) character file.

Game seed: 4635354302591623882

12 Morbidden the Caller (level 2, -2/20 HPs)
             Began as a Demigod Summoner on Feb 14, 2022.
             Slain by a hobgoblin (3 damage)
             ... on level 1 of the Dungeon.
             The game lasted 00:00:50 (811 turns).

Morbidden the Caller (Demigod Summoner)              Turns: 811, Time: 00:00:51

Health: -2/20      AC:  2    Str:  9    XL:     2   Next: 9%
Magic:  3/7        EV: 12    Int: 17    God:
Gold:   0          SH:  0    Dex: 14    Spells: 4/5 levels left

rFire   . . .      SeeInvis .   c - +0 short sword
rCold   . . .      Faith    .   (no shield)
rNeg    . . .      Spirit   .   a - +0 robe
rPois   .          Reflect  .   (no helmet)
rElec   .          Harm     .   (no cloak)
rCorr   .          Rampage  .   (no gloves)
Will    .....                   (no boots)
Stlth   ++........              (no amulet)
HPRegen 0.06/turn               (no ring)
MPRegen 0.10/turn               (no ring)

@: no status effects
A: high MP 1, forlorn, divine attributes
a: no special abilities


You were on level 1 of the Dungeon.
You visited 1 branch of the dungeon, and saw 1 of its levels.

Inventory:

Hand Weapons
 c - a +0 short sword (weapon)
Armour
 a - a +0 robe (worn)
Potions
 b - a potion of degeneration {unknown}
 d - 2 potions of cancellation {unknown}


   Skills:
 * Level 1.8 Dodging
 + Level 1.8 Stealth
 * Level 2.0 Spellcasting
 * Level 4.0 Summonings


You had 4 spell levels left.
You knew the following spells:

 Your Spells              Type           Power      Damage    Failure   Level
a - Summon Small Mammal   Summ           60%        N/A       3%          1

Your spell library contained the following spells:

 Spells                   Type           Power      Damage    Failure   Level
 Call Imp                 Summ           15%        N/A       5%          2
 Call Canine Familiar     Summ           15%        N/A       11%         3
 Summon Guardian Golem    Hex/Summ       8%         N/A       26%         3
 Summon Lightning Spire   Summ/Air       8%         N/A       63%         4


Dungeon Overview and Level Annotations

Branches:
Dungeon (1/15)


Innate Abilities, Weirdness & Mutations

You have an increased reservoir of magic. (+10% MP)
You shall have no god before yourself.
Your divine heritage dramatically boosts your attributes as you level up.


Message History

A slug dart appears from out of your range of vision.
The slug dart misses your bat.
A dart slug comes into view.
A dart slug is nearby!
A dart slug is nearby!
A hobgoblin comes into view.
Found a faded altar of an unknown god.
You see here a frilled lizard corpse.
You hit the hobgoblin.
The hobgoblin is heavily wounded.
The hobgoblin barely misses you. The dart slug launches a dart at you.
The slug dart misses your bat. The slug dart hits your bat.
You closely miss the hobgoblin.
The hobgoblin is moderately wounded.
The hobgoblin hits you.
Your bat hits the dart slug. The hobgoblin hits you.
You hit the hobgoblin.
The hobgoblin is severely wounded.
Your bat hits the dart slug but does no damage.
The dart slug launches a dart at you. The slug dart hits you.
The hobgoblin closely misses you.
You are too injured to fight recklessly!
You are too injured to fight recklessly!
Casting: Summon Small Mammal (safe; 3% risk of failure)
Confirm with . or Enter, or press ? or * to list all spells.
Your bat disappears in a puff of smoke!
Your bat hits the dart slug. The dart slug launches a dart at you.
The slug dart hits you.
* * * LOW HITPOINT WARNING * * *
The hobgoblin hits you.
* * * LOW HITPOINT WARNING * * *
Your bat hits the dart slug but does no damage.
The hobgoblin hits you.
* * * LOW HITPOINT WARNING * * *
You are too injured to fight recklessly!
Unknown command.
Unknown command.
The hobgoblin hits you.
You die...

######........ #
#.......^....######.##
......................
#..............w..##.##.
.................#.≈.≈.#
.. ..........§..#..≈.≈..
.#+####......†.#≈≈≈≈.≈≈≈
...........†..#rg≈.≈≈≈.≈
...####.......#.@.≈≈_≈≈.
...# #.......#...≈≈.≈≈.
.#+####.......#...≈.≈.≈.
......#.......#..≈.≈.≈.≈
......#.....(..#≈.≈...≈.
......#..........≈.....≈
......#........#.#.....#
......+........##.#####.
......#........#


You could see a dart slug, a hobgoblin (ally target) and a friendly quokka
(summoned).

Vanquished Creatures
  A frilled lizard (D:1)
1 creature vanquished.

Vanquished Creatures (collateral kills)
  A dart slug (D:1)
  2 ball pythons (D:1)
  A hobgoblin (D:1)
  2 kobolds (D:1)
  A quokka (D:1)
  A bat (D:1)
  A rat (D:1)
9 creatures vanquished.

Grand Total: 10 creatures vanquished

Notes
Turn   | Place    | Note
-------+----------+-------------------------------------------
     0 | D:1      | Morbidden the Demigod Summoner began the quest for the Orb.
     0 | D:1      | Reached XP level 1. HP: 14/14 MP: 5/5
   735 | D:1      | Reached XP level 2. HP: 20/20 MP: 2/7
   795 | D:1      | Reached skill level 4 in Summonings
   810 | D:1      | HP: 1/20 [hobgoblin (3)]
   811 | D:1      | Slain by a hobgoblin

Illustrated notes

Levels and vault maps discovered:
D:1:      heliophobic_arrival_glass_houses, layout_basic,
          shapermc_ecumenical_altar_starsandcircs

Skill      XL: |  1  2 |
---------------+-------+-----
Spellcasting   | 2 |  2.0
Summonings     | 4 |  4.0
Dodging        | |  1.8
Stealth        | |  1.8

Action                   || total
-------------------------++-------
Melee: Unarmed           ||     4
       Short sword       ||     4
 Cast: Summon Small Mamm ||    32
Armor: Robe              ||     2
Dodge: Dodged            ||    17
